 Dungeon Crawl Stone Soup version 0.30-a0-1035-g38d5fb2972 (webtiles) character file.

Game seed: 4321206338499401518

99 DeathPants the Ducker (level 4, 0/51 HPs)
             Began as a Demonspawn Gladiator on Apr 8, 2023.
             Slain by an orc
             ... wielding a +0 club
              (5 damage)
             ... on level 3 of the Dungeon.
             The game lasted 00:07:10 (1866 turns).

DeathPants the Ducker (Demonspawn Gladiator)        Turns: 1866, Time: 00:07:11

Health: 0/51       AC:  9    Str: 16    XL:     4   Next: 45%
Magic:  4/4        EV:  8    Int: 10    God:
Gold:   166        SH:  0    Dex: 14    Spells: 4/4 levels left

rFire   . . .      SeeInvis .    a - +0 flail
rCold   . . .      Faith    .    (no shield)
rNeg    . . .      Spirit   .    j - +0 chain mail
rPois   .          Reflect  .    c - +0 helmet
rElec   .          Rampage  .    (no cloak)
rCorr   .                        (no gloves)
Will    .....                    (no boots) Stlth
                                 (no amulet)
HPRegen 0.28/turn                f - ring of flight
MPRegen 0.09/turn                (no ring)

@: berserking, flying, very quick
A: powered by death 1
a: no special abilities


You were on level 3 of the Dungeon.
You visited 1 branch of the dungeon, and saw 4 of its levels.

You collected 166 gold pieces.

Inventory:

Hand Weapons
 a - a +0 flail (weapon)
Missiles
 d - 3 throwing nets (quivered)
 e - a javelin
Armour
 b - a +0 leather armour
 c - a +0 helmet (worn)
 j - a +0 chain mail (worn)
Jewellery
 f - a ring of flight (left hand)
Wands
 m - a wand of flame (18)
Scrolls
 h - a scroll of teleportation {unknown}
 i - 4 scrolls of identify {unknown}
Potions
 k - a potion of brilliance {unknown}
 l - a potion of cancellation {unknown}
 n - a potion of curing {unknown}


   Skills:
 + Level 2.9 Fighting
 + Level 3.2 Maces & Flails
 - Level 1.7 Throwing
 + Level 1.6 Armour
 + Level 3.3 Dodging
 - Level 0.5 Spellcasting


You had 4 spell levels left.
You didn't know any spells.
Your spell library contained the following spells:

 Spells                   Type           Power      Damage    Failure   Level
 Sting                    Tmut/Pois      0%         1d3       99%         1
 Cigotuvi's Dreadful Rot  Necr/Pois/Air  0%         N/A       100%        2
 Poisonous Vapours        Pois/Air       0%         N/A       100%        2
 Ignite Poison            Fire/Tmut/Pois 0%         N/A       100%        3
 Olgreb's Toxic Radiance  Pois           0%         N/A       100%        4
 Freezing Cloud           Conj/Ice/Air   0%         6-21      100%        5


Dungeon Overview and Level Annotations

Branches:
Dungeon (4/15)
 Temple: D:4-7

Altars:
Nemelex Xobeh
Trog


Innate Abilities, Weirdness & Mutations

You regenerate a little health from kills.


Message History

You hear some strange, mumbled words.
Something tries to affect you, but you resist.
You hit the orc but do no damage. Something hits you but does no damage.
An orc priest comes into view. It is wielding a +0 short sword.
The orc hits you but does no damage.
You're too confused to move!
Something hits you. The orc hits you but does no damage.
You closely miss something. Something hits you but does no damage.
The orc priest hits you but does no damage.
The orc hits you but does no damage.
The orc priest attacks as you move away!
The orc priest hits you with a +0 short sword.
* * * LOW HITPOINT WARNING * * *
You hear some strange, mumbled words.
Something tries to affect you, but you resist.
You bump into the rock wall.
The orc priest hits you but does no damage.
The orc hits you but does no damage.
You sock the orc priest!
The orc priest is heavily wounded.
You feel less confused.
You hear some strange, mumbled words.
A magic dart appears from out of thin air!
The magic dart hits you.
* * * LOW HITPOINT WARNING * * *
The orc priest barely misses you. The orc hits you but does no damage.
The orc priest barely misses you. The orc barely misses you.
Something hits you.
* * * LOW HITPOINT WARNING * * *
You closely miss the orc priest.
The orc priest is moderately wounded.
Something hits you but does no damage. The orc priest closely misses you.
The orc hits you but does no damage.
It was a potion of berserk rage.
A red film seems to cover your vision as you go berserk!
You feel yourself moving faster!
You feel mighty! Something hits you but does no damage.
The orc priest casts a cantrip, but nothing happens.
The orc hits you with a +0 club.
You die...

#.. #.. #..#.. ...
.. #...# ## ##.#..#
#..#####. ..#.
#.####........ #..
#......######.
#.#######>.†....##.
#....#......###.###
#{o#.#.#.#..# #....
#o@#.#.#.#..# #####
#..#....##..#######
#..................
##.##....#.#######.
#.#.#...#.#...###.
#.................
###...............
#.......#######.
###...#.# #)


You could see an orc priest and an orc.

Vanquished Creatures
  3 adders (D:2)
  A worm (D:2)
  An orc (D:3)
  5 endoplasms
  7 goblins
  6 hobgoblins
  8 jackals
  9 quokkas
  5 ball pythons
  5 bats
  3 frilled lizards
  6 kobolds
  2 rats (D:3)
61 creatures vanquished.

Notes
Turn   | Place    | Note
-------+----------+-------------------------------------------
     0 | D:1      | DeathPants the Demonspawn Gladiator began the quest for the
                  | Orb.
     0 | D:1      | Reached XP level 1. HP: 16/16 MP: 1/1
   297 | D:1      | Gained mutation: You regenerate a little health from kills.
                  | [demonic ancestry]
   297 | D:1      | Reached XP level 2. HP: 22/22 MP: 2/2
   492 | D:1      | Reached skill level 1 in Armour
   676 | D:1      | Reached XP level 3. HP: 26/28 MP: 3/3
  1065 | D:2      | Found a bloodstained altar of Trog.
  1272 | D:2      | Reached XP level 4. HP: 34/34 MP: 4/4
  1768 | D:3      | Found a sparkling altar of Nemelex Xobeh.
  1793 | D:4      | Noticed a lemure
  1866 | D:3      | Slain by an orc

Illustrated notes

Levels and vault maps discovered:
D:1:      dpeg_arrival_concentric_ovals, layout_basic
D:2:      layout_rooms, basic_altar, kennysheep_generic_room_6
D:3:      layout_loops_ring, mainiacjoe_overflow_paths, chei_slow_surprise,
          shapermc_ecumenical_altar_pompeii, guppyfry_early_lair_pool
D:4:      layout_basic, temple_pool_b, gammafunk_ghost_arena, uniq_pikel

Skill      XL: |  1  2  3 |
---------------+----------+-----
Armour         | 1 |  1.6
Dodging        | 3 |  3.3
Maces & Flails | 3 |  3.2
Fighting       | |  2.9
Throwing       | |  1.7
Spellcasting   | |  0.5

Action                     |  1- 3 |  4- 6 || total
---------------------------+-------+-------++-------
  Melee: Flail             |   147 |    77 ||   224
         Punch             |     1 |       ||     1
    Use: Potion            |       |     1 ||     1
   Stab: Sleeping          |     1 |       ||     1
 Armour: Leather armour    |    41 |       ||    41
         Chain mail        |    79 |    66 ||   145
  Dodge: Dodged            |   105 |    43 ||   148

Table legend: (Time is in decaauts)
 A = Elapsed time spent in this place.
 B = Non-inter-level travel time spent in this place.
 C = Inter-level travel time spent in this place.
 D = Time resting spent in this place.
 E = Time spent auto-exploring this place.
 F = Levels seen in this place.
 G = Mean time per level.
                   A        B        C        D        E       F      G
               +--------+--------+--------+--------+--------+-----+--------+
         Total |   1927 |   1884 |     43 |      0 |   1157 |   4 |  481.8 |
       Dungeon |   1927 |   1884 |     43 |      0 |   1157 |   4 |  481.8 |
               +--------+--------+--------+--------+--------+-----+--------+

Top non-repeatable levels by time:
     D:1: 1018 daAuts
     D:2: 701 daAuts
     D:3: 200 daAuts
     D:4: 7 daAuts
